 Dungeon Crawl Stone Soup version 0.25-a0-471-g78e40d7af6 (webtiles) character file.

Game seed: 17775742475567567934, levelgen mode: deterministic

242739 Ijustatesigmund the Timeless (level 19, -3/141 HPs)
             Began as an Octopode Fighter on Jan 30, 2020.
             Was a High Priest of Cheibriados.
             Slain by Zoador's ghost (28 damage)
             ... while paralysed
             ... on level 2 of the Swamp on Feb 6, 2020.
             The game lasted 02:00:33 (50171 turns).

Ijustatesigmund the Timeless (Octopode Fighter)    Turns: 50171, Time: 02:00:34

Health: -3/141     AC:  9    Str: 31      XL:     19   Next: 85%
Magic:  40/40      EV:  2    Int: 20 (24) God:    Cheibriados [*****.]
Gold:   1664       SH:  0    Dex: 28      Spells: 17/18 levels left

rFire    . . .     SeeInvis +   j - +3 war axe (vamp)
rCold    + . .     Gourm    .   I - +5 large shield {reflect}
rNeg     . . .     Faith    .   t - +1 hat {MR+}
rPois    +         Spirit   .   A - +3 amulet of reflection
rElec    .         Reflect  +   R - ring of wizardry
rCorr    +         Harm     .   k - ring of stealth
MR       +++..     Rnd*Rage +   D - ring of resist corrosion
Stlth    +++++++++.             E - +4 ring of slaying
HPRegen  0.33/turn              z - ring of Moeh {rPois MP+9 Stlth+}
MPRegen  0.27/turn              N - +5 ring of protection
                                L - +2 ring of protection
                                H - ring of see invisible

@: paralysed, berserk cooldown, slowed, lightly drained, very slow
A: almost no armour, stealthy swim, amphibious, 8 rings, constrict 8, camouflage
1, berserk 1, clumsy 1, cold resistance 1, deterioration 1, dopey 1, magic
resistance 1, gelatinous body 1, no potion heal 1, subdued magic 1
}: 1/15 runes: serpentine
a: Bend Time, Temporal Distortion, Slouch, Step From Time, Renounce Religion


You were on level 2 of the Swamp.
You worshipped Cheibriados.
Cheibriados was extremely pleased with you.
You were not hungry.

You visited 7 branches of the dungeon, and saw 31 of its levels.
You also visited: Sewer and Gauntlet.

You collected 4465 gold pieces.
You spent 2801 gold pieces at shops.

Inventory:

Hand Weapons
 a - a +6 broad axe of venom
 g - a +3 morningstar
 j - a +3 vampiric war axe (weapon)
Missiles
 s - 17 javelins
 B - 8 curare-tipped darts (quivered)
 J - 13 silver javelins
Armour
 b - a +1 shield of poison resistance
 t - a +1 hat of magic resistance (worn)
 u - a +2 shield of resistance
 G - the +1 hat of Xom's Generosity {rPois}
   (You found it in a Gauntlet)

   It protects you from poison.
   If you switch to wearing this armour, your AC will rise 0 points (9 -> 9)
 I - a +5 large shield of reflection (worn)
Jewellery
 e - an uncursed ring of flight
 k - a ring of stealth (right tentacle)
 z - the ring of Moeh (on tentacle) {rPois MP+9 Stlth+}
   (You bought it in a shop on level 2 of the Orcish Mines)

   [ring of magical power]

   It protects you from poison.
   It affects your magic capacity (+9).
   It makes you more stealthy.
 A - a +3 amulet of reflection (around mantle)
 D - a ring of resist corrosion (on tentacle)
 E - a +4 ring of slaying (on tentacle)
 H - a ring of see invisible (on tentacle)
 L - a +2 ring of protection (on tentacle)
 N - a +5 ring of protection (on tentacle)
 O - an uncursed ring of fire
 R - a ring of wizardry (left tentacle)
Wands
 l - a wand of digging (8)
 r - a wand of polymorph (25)
 K - a wand of acid (6)
Scrolls
 f - 4 scrolls of fog
 i - 3 scrolls of magic mapping
 m - 16 scrolls of remove curse
 o - 4 scrolls of teleportation
 q - 11 scrolls of identify
 y - 3 scrolls of amnesia
 F - a scroll of silence
 P - a scroll of holy word
 Q - a scroll of summoning
Potions
 c - a potion of curing
 h - 2 potions of agility
 n - 3 potions of cancellation
 p - 3 potions of flight
 v - 3 potions of might
 w - a potion of heal wounds
 x - 5 potions of haste
 C - 3 potions of magic
 M - 2 potions of resistance
Miscellaneous
 S - a phantom mirror
Comestibles
 d - 39 rations


   Skills:
 + Level 16.2(16.1) Fighting
 + Level 15.9 Axes
 - Level 3.0(11.0) Maces & Flails
 - Level 5.8(5.7) Throwing
 + Level 11.0(10.9) Dodging
 - Level 12.1(12.0) Stealth
 - Level 13.3(13.2) Shields
 - Level 5.7(5.6) Conjurations
 + Level 17.1(17.0) Invocations
 - Level 6.8(6.7) Evocations


You had 17 spell levels left.
You knew the following spells:

 Your Spells              Type           Power        Failure   Level  Hunger
a - Magic Dart            Conj           ###.         2%          1    ##.....

Your spell library contained the following spells:

 Spells                   Type           Power        Failure   Level  Hunger
 Searing Ray              Conj           ###...       4%          2    ###....
 Shock                    Conj/Air       #...         9%          1    ##.....
 Dazzling Flash           Conj/Hex       #.....       28%         3    ####...
 Static Discharge         Conj/Air       #.......     28%         3    ####...
 Animate Skeleton         Necr           N/A          30%         1    ##.....
 Beastly Appendage        Tmut           #.....       30%         1    ##.....
 Corona                   Hex            #......      30%         1    ##.....
 Pain                     Necr           #...         30%         1    ##.....
 Sting                    Tmut/Pois      #...         30%         1    ##.....
 Mephitic Cloud           Conj/Pois/Air  #.......     38%         3    ####...
 Ensorcelled Hibernation  Hex/Ice        #.....       41%         2    ###....
 Poisonous Vapours        Pois/Air       #.....       41%         2    ###....
 Sticks to Snakes         Tmut           #.......     41%         2    ###....
 Swiftness                Chrm/Air       #.......     41%         2    ###....
 Confusing Touch          Hex            #.......     65%         3    ####...
 Ignite Poison            Fire/Tmut/Pois #.......     65%         3    ####...
 Recall                   Summ/Tloc      N/A          65%         3    ####...
 Spider Form              Tmut/Pois      #.........   65%         3    ####...
 Tukima's Dance           Hex            #.......     65%         3    ####...
 Vampiric Draining        Necr           #.........   65%         3    ####...
 Fulminant Prism          Conj/Hex       #.........   65%         4    #####..
 Iskenderun's Mystic Bla  Conj/Tloc      #.......     65%         4    #####..
 Fireball                 Conj/Fire      #.........   93%         5    ######.
 Lightning Bolt           Conj/Air       #.........   93%         5    ######.
 Airstrike                Air            #.........   95%         4    #####..
 Animate Dead             Necr           N/A          95%         4    #####..
 Ice Form                 Ice/Tmut       #.......     95%         4    #####..
 Olgreb's Toxic Radiance  Pois           #.......     95%         4    #####..
 Summon Lightning Spire   Summ/Air       #.......     95%         4    #####..
 Agony                    Necr           #.......     100%        5    ######.
 Blade Hands              Tmut           #.........   100%        5    ######.
 Silence                  Hex/Air        #.........   100%        5    ######.
 Conjure Ball Lightning   Conj/Air       #.........   100%        6    #######
 Deflect Missiles         Chrm/Air       #.........   100%        6    #######
 Dispersal                Tloc           #.........   100%        6    #######
 Starburst                Conj/Fire      #.........   100%        6    #######
 Ring of Flames           Chrm/Fire      #.........   100%        7    #######
 Controlled Blink         Tloc           N/A          100%        8    #######
 Disjunction              Tloc           #.........   100%        8    #######
 Ignition                 Fire           #.........   100%        8    #######
 Tornado                  Air            #.........   100%        9    #######


Dungeon Overview and Level Annotations

Branches:
Dungeon (15/15)            Temple (0/1) D:6            Lair (6/6) D:11
  Swamp (2/4) Lair:3        Snake (4/4) Lair:4        Slime (0/5) Lair:5
    Orc (2/2) D:12            Elf (1/3) Orc:2        Vaults (1/5) D:14
 Depths (0/5) D:15          Sewer (visited)         Gauntlet (visited)

Altars:
Ashenzari
Cheibriados
Dithmenos
Elyvilon
Gozag
Makhleb
Nemelex Xobeh
Okawaru
Ru
Trog
Wu Jian
Xom
Yredelemnul
Zin
Beogh
Jiyva

Shops:
D:4 (   D:6 [[![[   Orc:2 ([*=   Snake:4 [

Portals:
Trove: D:10 (give 8 potions of haste)

Annotations:
Lair:6 3 runed translucent doors, Atsemm's ghost, journeyman GnTm
Swamp:2 Zoador's ghost, adept HuBe


Innate Abilities, Weirdness & Mutations

You cannot wear most types of armour.
You are very stealthy in the water. (Stealth+)
You are amphibious.
You can wear up to eight rings at the same time.
You can use your tentacles to constrict eight enemies at once.
Your skin changes colour to match your surroundings (Stealth+).
Your rubbery body absorbs attacks. (AC +1, EV +1)
You tend to lose your temper in combat.
You are clumsy. (Dex -2)
Your flesh is cold resistant. (rC+)
Your body sometimes deteriorates upon taking damage.
You are dopey. (Int -2)
You are resistant to hostile enchantments. (MR+)
Potions are less effective at restoring your health.
Your spells are a little easier to cast, but a little less powerful.


Message History

You are too injured to fight recklessly!
You are too injured to fight recklessly!
You are too injured to fight recklessly!
You are too injured to fight recklessly!
You are too injured to fight recklessly!
You are too injured to fight recklessly!
You are too injured to fight recklessly!
You are too injured to fight recklessly!
You are too injured to fight recklessly!
You are too injured to fight recklessly!
You hit Zoador's ghost but do no damage.
You squeeze Zoador's ghost!
Zoador's ghost is severely damaged.
You are no longer berserk.
You pass out from exhaustion.
You feel yourself slow down. Zoador's ghost hits you!!
Zoador's ghost hits you!!
* * * LOW HITPOINT WARNING * * *
Zoador's ghost hits you!!
You die...

♣≈§≈≈≈.≈.≈#########..≈≈≈≈≈≈..
♣≈.≈≈≈..≈≈#.)#.#$.#.≈≈≈≈≈.§..
♣.....♣.≈≈##.!!(.##≈≈≈≈..≈♣♣
♣..♣♣♣♣.≈≈#.......#≈≈≈≈.♣♣♣
♣♣♣ ♣≈..##.....##.≈≈≈.♣♣♣ ♣
♣♣♣♣#.......#.....♣≈♣♣♣
♣♣♣###'''###......≈≈♣§
♣♣≈♣♣.W.....♣♣≈.≈.♣≈.♣≈
♣≈§.♣♣@≈≈.≈.♣♣≈......≈.
♣♣..≈♣....≈.≈♣♣≈.≈...♣.
♣.≈......≈...≈......♣♣
♣♣≈≈§..≈.≈≈....≈...≈♣♣
♣....≈≈.≈...≈.≈.♣...♣
♣♣...≈≈....§≈♣≈.(♣≈♣♣
♣.≈.....♣≈..♣...♣♣♣
♣♣≈........≈.♣♣.♣♣
♣≈≈.......♣..♣♣♣♣


You could see Zoador's ghost.

Vanquished Creatures
  Vashnia (Snake:4)
  Rupert (D:14)
  Asterion (Snake:3)
  The ghost of Uramac the Executioner, an adept MiBe of Trog (Vaults:1)
  Agnes (Snake:3)
  A storm dragon (Vaults:1)
  7 nagarajas
  3 vault wardens (Vaults:1)
  Aizul (Snake:2)
  An orc warlord (Orc:2)
  A ghoul (Vaults:1)
  An ironheart preserver (Vaults:1)
  A stone giant (Vaults:1)
  An entropy weaver (Gauntlet)
  A minotaur (Gauntlet)
  Snorg (D:13)
  A spectral quicksilver dragon (Vaults:1)
  The ghost of Supaplex the Fighter, a journeyman DsFi of Gozag (Snake:1)
  An ettin (Orc:1)
  3 yaktaur captains (Vaults:1)
  2 vault guards
  4 great orbs of eyes
  3 fire dragons
  An ice dragon (D:15)
  23 naga warriors
  2 spectral tengu (Vaults:1)
  Fannar (Lair:3)
  Erolcha (D:11)
  A shambling mangrove (Swamp:2)
  A ghost crab (Swamp:1)
  4 centaur warriors
  A spectral sphinx (Vaults:1)
  2 death knights
  3 ogre magi (Vaults:1)
  2 spectral stone giants (Vaults:1)
  2 alligators (Swamp:1)
  11 hydras
  19 anacondas
  9 two-headed ogres
  A spectral frost giant (Vaults:1)
  A tengu warrior (D:14)
  A two-headed ogre (shapeshifter) (D:14)
  A dancing weapon (D:6)
  A spectral fire giant (Vaults:1)
  Urug (D:13)
  10 shock serpents
  2 orc high priests
  16 naga sharpshooters
  9 salamander mystics
  3 glowing orange brains
  A spectral hydra (Swamp:2)
  2 swamp dragons (Swamp:1)
  3 unseen horrors
  A flayed ghost (D:13)
  5 naga ritualists
  A deep elf archer (D:13)
  2 deep elf magi
  A wolf spider zombie (D:15)
  An ironbrand convoker (Vaults:1)
  A necromancer (Vaults:1)
  5 lindwurms
  6 orc knights
  8 harpies (Vaults:1)
  18 mana vipers
  A manticore (D:12)
  2 wolf spiders
  3 orc sorcerers
  2 shining eyes (Swamp:2)
  16 ugly things
  3 cyclopes (Vaults:1)
  The ghost of fly the Changer, a novice OpTm of Dithmenos (D:6)
  2 spectral alligators (Swamp:2)
  A spectral ettin (Vaults:1)
  14 salamanders
  10 slime creatures
  39 black mambas
  8 guardian serpents
  23 naga magi
  3 molten gargoyles (Lair:6)
  5 vault sentinels (Vaults:1)
  2 gargoyles (D:12)
  A storm dragon simulacrum (Vaults:1)
  A torpor snail (Gauntlet)
  13 spiny frogs
  4 rime drakes
  9 komodo dragons
  2 efreet
  A freezing wraith (D:14)
  2 kobold demonologists
  12 yaktaurs
  A harpy zombie (D:14)
  2 tengu conjurers
  9 trolls
  A hornet (shapeshifter) (Vaults:1)
  2 hornets
  2 polar bears
  17 blink frogs
  4 tyrant leeches
  A shadow dragon simulacrum (Vaults:1)
  5 bog bodies
  A spectral elf (Vaults:1)
  7 hippogriffs
  2 fire giant simulacra (Vaults:1)
  2 redbacks (Gauntlet)
  5 shadows
  3 wraiths
  10 wyverns
  3 vampires
  2 spriggans
  A tarantella (Snake:4)
  89 yaks
  3 fire elementals (Gauntlet)
  3 hungry ghosts
  7 humans (D:14)
  4 basilisks
  3 steam dragons (Lair:6)
  10 vampire mosquitoes
  A spectral spiny frog (Swamp:2)
  Menkaure (D:7)
  14 swamp worms
  47 nagas
  7 insubstantial wisps
  A swamp worm (shapeshifter) (Vaults:1)
  4 wargs
  4 hell hounds
  A spectral hornet (Swamp:2)
  2 acid dragons
  12 water moccasins
  A hydra simulacrum (Swamp:2)
  An elf skeleton (Vaults:1)
  8 porcupines
  Purgy (D:4)
  3 sky beasts
  A black bear (D:13)
  A hornet zombie (D:14)
  2 swamp drakes
  An ice beast (D:12)
  An elf simulacrum (Vaults:1)
  25 orc warriors
  2 necrophages
  2 eyes of draining
  A human skeleton (Vaults:1)
  3 phantoms
  18 ogres
  4 boggarts (Vaults:1)
  6 wolves (Lair:1)
  15 centaurs
  10 crocodiles
  2 spriggan simulacra (Swamp:2)
  8 big kobolds
  24 bullfrogs
  6 killer bees
  6 scorpions
  A human simulacrum (Vaults:1)
  12 wights
  An electric eel (Lair:3)
  5 crimson imps
  4 howler monkeys
  3 lava snakes (Lair:6)
  4 bullfrog zombies
  A centaur zombie (D:7)
  2 jellies
  9 hounds
  12 orc priests
  4 bullfrog skeletons
  20 orc wizards
  6 centaur skeletons
  An iguana (D:4)
  13 worker ants
  3 worker ant zombies
  3 gnolls (D:6)
  11 adders
  2 river rats (Sewer)
  4 oozes
  A swamp drake simulacrum (Swamp:2)
  An adder zombie (D:9)
  5 worms
  3 ball lightnings (Orc:1)
  3 dart slugs
  9 leopard geckos
  63 orcs
  5 giant cockroaches
  6 goblins
  14 hobgoblins
  9 jackals
  35 kobolds
  3 quokkas
  11 bats
  11 frilled lizards
  A giant cockroach zombie (D:5)
  A leopard gecko skeleton (D:6)
  A leopard gecko zombie (D:6)
  A quokka skeleton (D:5)
  A quokka zombie (D:6)
  13 rats
  3 fungi (Lair:6)
  3 plants
1172 creatures vanquished.

Vanquished Creatures (collateral kills)
  A two-headed ogre (D:14)
  An ogre mage (D:14)
  An orc knight (Orc:2)
  An orc sorcerer (Orc:2)
  2 orc warriors (Orc:2)
  A lava snake (Lair:6)
  An orc priest (Orc:2)
  An orc (Orc:2)
9 creatures vanquished.

Vanquished Creatures (others)
  A yaktaur captain (Vaults:1)
  The ghost of iVAG the Destroyer, a journeyman TeCj of Vehumet (Orc:1)
  6 naga sharpshooters
  Sonja (Orc:1)
  An unseen horror (D:13)
  2 cyclopes (Vaults:1)
  A naga mage (Snake:4)
  2 yaktaurs (Vaults:1)
  A vampire (D:9)
  4 humans (D:14)
  A naga (Snake:4)
  A meliai simulacrum (D:15)
  3 centaurs
  2 ball lightnings (Orc:1)
  A kobold (D:13)
  17 fungi
  12 plants
57 creatures vanquished.

Grand Total: 1238 creatures vanquished

Notes
Turn   | Place    | Note
-------+----------+-------------------------------------------
     0 | D:1      | Ijustatesigmund the Octopode Fighter began the quest for
                  | the Orb.
     0 | D:1      | Reached XP level 1. HP: 16/16 MP: 1/1
   181 | D:1      | Reached XP level 2. HP: 21/21 MP: 2/2
   498 | D:1      | Reached XP level 3. HP: 20/26 MP: 3/3
  1360 | D:2      | Found a shattered altar of Ashenzari.
  1383 | D:2      | Reached XP level 4. HP: 18/32 MP: 4/4
  1590 | D:2      | Found a sparkling altar of Nemelex Xobeh.
  1591 | D:2      | Found a shimmering altar of Xom.
  1703 | D:2      | Found an iron altar of Okawaru.
  2194 | D:3      | Found a snail-covered altar of Cheibriados.
  2216 | D:3      | Became a worshipper of Cheibriados the Contemplative
  2266 | D:3      | Reached XP level 5. HP: 27/37 MP: 5/5
  2704 | D:4      | Found Monopne's Antique Weapon Shoppe.
  2749 | D:4      | Noticed Purgy
  2761 | D:4      | Killed Purgy
  2761 | D:4      | Reached skill level 1 in Invocations
  2761 | D:4      | Reached XP level 6. HP: 26/43 MP: 5/7
  3050 | D:4      | Reached * piety under Cheibriados
  3581 | D:4      | Reached skill level 2 in Invocations
  3901 | D:5      | Entered Level 5 of the Dungeon
  3938 | D:5      | Reached XP level 7. HP: 35/49 MP: 8/8
  4023 | D:5      | Found a glowing drain.
  4028 | Sewer    | Entered a sewer
  4301 | Sewer    | Reached ** piety under Cheibriados
  4349 | Sewer    | Found a white marble altar of Elyvilon.
  4457 | D:5      | Reached skill level 5 in Axes
  4698 | D:5      | Reached skill level 5 in Fighting
  4698 | D:5      | Reached skill level 3 in Invocations
  4791 | D:5      | Found a white marble altar of Elyvilon.
  5026 | D:6      | Found an ornate altar of the Wu Jian Council.
  5087 | D:6      | Found Meral's Antique Armour Shoppe.
  5099 | D:6      | Reached XP level 8. HP: 39/55 MP: 10/10
  5175 | D:6      | Found a runed translucent door.
  5176 | D:6      | Found a shimmering altar of Xom.
  5176 | D:6      | Noticed a +2 hand axe of chaos
  5177 | D:6      | Noticed fly's ghost (novice OpTm)
  5189 | D:6      | Found a basalt altar of Yredelemnul.
  5536 | D:6      | HP: 2/55 [orc wizard/puff of flame (12)]
  5980 | D:6      | Reached skill level 4 in Invocations
  6045 | D:6      | Found Fisaul's Distillery.
  6060 | D:6      | Bought a potion of mutation for 112 gold pieces
  6060 | D:6      | Bought 2 potions of heal wounds for 140 gold pieces
  6060 | D:6      | Bought a potion of agility for 56 gold pieces
  6060 | D:6      | Gained mutation: Your magical capacity is low. (-10% MP)
                  | [potion of mutation]
  6060 | D:6      | Gained mutation: You are resistant to electric shocks.
                  | (rElec) [potion of mutation]
  6113 | D:6      | Found a staircase to the Ecumenical Temple.
  6116 | D:6      | Reached skill level 5 in Shields
  6121 | D:6      | Reached skill level 5 in Dodging
  6252 | D:6      | Found a shadowy altar of Dithmenos.
  6410 | D:6      | Found Conewn's Armour Emporium.
  6466 | D:6      | Found Foamitar's Antique Armour Shop.
  6472 | D:6      | Found a glowing silver altar of Zin.
  6474 | D:6      | Found an opulent altar of Gozag.
  6527 | D:6      | Found a burning altar of Makhleb.
  6527 | D:6      | Found a bloodstained altar of Trog.
  6583 | D:6      | Reached *** piety under Cheibriados
  6647 | D:6      | Found Uriesularo's Antique Armour Emporium.
  6791 | D:7      | Reached XP level 9. HP: 52/62 MP: 11/11
  6819 | D:7      | Noticed a two-headed ogre
  6848 | D:7      | Killed a two-headed ogre
  6848 | D:7      | Reached skill level 5 in Invocations
  7560 | D:7      | Noticed Menkaure
  7566 | D:7      | Killed Menkaure
  8010 | D:8      | Reached skill level 6 in Invocations
  8249 | D:8      | Reached XP level 10. HP: 71/71 MP: 13/13
  8261 | D:8      | Reached skill level 1 in Stealth
  8261 | D:8      | Reached skill level 1 in Evocations
  8337 | D:8      | Reached **** piety under Cheibriados
  8405 | D:9      | Noticed a kobold demonologist
  8769 | D:9      | Reached skill level 1 in Throwing
  8853 | D:9      | Noticed a green ugly thing
  8937 | D:9      | Noticed a deep elf mage
  8948 | D:9      | HP: 2/71 [deep elf mage/bolt of lightning (7)]
  8958 | D:9      | Killed a deep elf mage
  8958 | D:9      | Reached skill level 1 in Maces & Flails
  8958 | D:9      | Reached skill level 7 in Invocations
  9203 | D:9      | Noticed an orc sorcerer
  9210 | D:9      | Killed an orc sorcerer
  9221 | D:9      | Killed a green ugly thing
  9253 | D:9      | Killed a kobold demonologist
 10000 | D:9      | Reached XP level 11. HP: 58/77 MP: 15/15
 10114 | D:6      | Bought a shiny shield for 187 gold pieces
 10241 | D:10     | Entered Level 10 of the Dungeon
 10273 | D:10     | Reached skill level 8 in Invocations
 10378 | D:10     | HP: 5/117 [yak (5)]
 10973 | D:10     | Reached ***** piety under Cheibriados
 11084 | D:10     | Lost mutation: Your magical capacity is low. (-10% MP)
                  | [potion of mutation]
 11084 | D:10     | Gained mutation: You are dopey. (Int -2) [potion of
                  | mutation]
 11084 | D:10     | Gained mutation: You are clumsy. (Dex -2) [potion of
                  | mutation]
 11084 | D:10     | Lost mutation: You are dopey. (Int -2) [potion of mutation]
 11518 | D:10     | Found a portal to a secret trove of treasure.
 11756 | D:6      | Killed a +2 hand axe of chaos
 11761 | D:6      | Killed fly's ghost
 12023 | D:11     | Noticed a fire dragon
 12030 | D:11     | Killed a fire dragon
 12030 | D:11     | Reached skill level 9 in Invocations
 12031 | D:11     | Found a staircase to the Lair.
 12031 | D:11     | Noticed Erolcha
 12038 | D:11     | Noticed a green ugly thing
 12311 | D:11     | Noticed a two-headed ogre
 12321 | D:11     | Killed a two-headed ogre
 12368 | D:11     | Reached skill level 10 in Axes
 12601 | D:11     | Killed a green ugly thing
 12624 | D:11     | Reached XP level 12. HP: 86/86 MP: 19/19
 13451 | D:12     | Found a staircase to the Orcish Mines.
 13864 | D:12     | Reached skill level 10 in Invocations
 14017 | D:12     | Reached skill level 10 in Fighting
 14267 | D:12     | Reached ****** piety under Cheibriados
 15370 | D:13     | Noticed a centaur warrior
 15377 | D:13     | Killed a centaur warrior
 15768 | D:13     | Noticed Snorg
 15782 | D:13     | Killed Snorg
 15782 | D:13     | Reached skill level 11 in Invocations
 15782 | D:13     | Reached XP level 13. HP: 93/93 MP: 21/21
 15785 | D:13     | Lost mutation: You are clumsy. (Dex -2) [potion of
                  | mutation]
 15785 | D:13     | Lost mutation: You are resistant to electric shocks.
                  | (rElec) [potion of mutation]
 15785 | D:13     | Gained mutation: Your flesh is cold resistant. (rC+)
                  | [potion of mutation]
 15785 | D:13     | Gained mutation: You are resistant to hostile enchantments.
                  | (MR+) [potion of mutation]
 15785 | D:13     | Gained mutation: You are agile. (Dex +2) [potion of
                  | mutation]
 17073 | D:13     | Noticed Urug
 17091 | D:13     | Killed Urug
 17632 | D:14     | Reached skill level 5 in Stealth
 18021 | D:14     | Noticed a vault guard
 18028 | D:14     | Killed a vault guard
 18100 | D:14     | Reached skill level 5 in Evocations
 18113 | D:14     | Reached XP level 14. HP: 92/101 MP: 20/22
 18184 | D:14     | Noticed Rupert
 18193 | D:14     | Paralysed by Rupert for 4 turns
 18207 | D:14     | Killed Rupert
 18207 | D:14     | Reached skill level 5 in Throwing
 18208 | D:14     | Found a gate to the Vaults.
 18687 | D:15     | Entered Level 15 of the Dungeon
 19442 | D:11     | Killed Erolcha
 19575 | Lair:1   | Entered Level 1 of the Lair of Beasts
 19576 | Lair:1   | Upgraded the game from 0.25-a0-443-gece2dee8bd to
                  | 0.25-a0-460-g4f2eb97ec1
 21285 | Lair:2   | Reached skill level 12 in Invocations
 22598 | Lair:3   | Learned a level 1 spell: Magic Dart
 22874 | Lair:3   | Reached skill level 1 in Conjurations
 22882 | Lair:3   | Found a staircase to the Swamp.
 24041 | Lair:3   | Noticed Fannar
 24050 | Lair:3   | Killed Fannar
 24221 | Lair:4   | Found a staircase to the Snake Pit.
 24361 | Lair:4   | Upgraded the game from 0.25-a0-460-g4f2eb97ec1 to
                  | 0.25-a0-464-g3004169c2b
 24942 | Lair:5   | Found a gate leading to a gauntlet.
 24951 | Gauntlet | Entered a Gauntlet
 24951 | Gauntlet | Found a transporter.
 24951 | Gauntlet | Found a transporter.
 25029 | Gauntlet | Found a transporter.
 25042 | Gauntlet | Found a transporter.
 25044 | Gauntlet | Found a large runed translucent door.
 25045 | Gauntlet | Found a large runed translucent door.
 25046 | Gauntlet | Found a large runed translucent door.
 25046 | Gauntlet | Found a large runed translucent door.
 25046 | Gauntlet | Found a runed translucent door.
 25047 | Gauntlet | Found a large runed translucent door.
 25060 | Gauntlet | Found a transporter.
 25071 | Gauntlet | Found a transporter.
 25073 | Gauntlet | Found a large runed translucent door.
 25074 | Gauntlet | Found a large runed translucent door.
 25157 | Gauntlet | Found a transporter.
 25168 | Gauntlet | Found a transporter.
 25183 | Gauntlet | Found a transporter.
 25196 | Gauntlet | Found a transporter.
 25266 | Gauntlet | Reached XP level 15. HP: 104/108 MP: 24/24
 25275 | Gauntlet | Found a transporter.
 25342 | Gauntlet | Got a brightly glowing hat
 25354 | Gauntlet | Identified the +1 hat of Xom's Generosity {rPois} (You
                  | found it in a Gauntlet)
 25508 | Gauntlet | Identified a scroll of acquirement
 25520 | Gauntlet | Found a transporter.
 25534 | Gauntlet | Found a transporter.
 25544 | Gauntlet | Found a transporter.
 26034 | Gauntlet | Identified Dubbir's Collected Works on the Voyage
 26404 | Lair:5   | Found a staircase to the Slime Pits.
 26405 | Lair:5   | Found a viscous altar of Jiyva.
 26748 | Lair:6   | Entered Level 6 of the Lair of Beasts
 26877 | Lair:6   | Found a large runed translucent door.
 26878 | Lair:6   | Found a large runed translucent door.
 27208 | Lair:6   | Reached skill level 13 in Invocations
 27448 | Lair:6   | Found a runed translucent gate.
 27448 | Lair:6   | Found a runed translucent gate.
 27448 | Lair:6   | Found a runed translucent gate.
 27458 | Lair:6   | Noticed Atsemm's ghost (journeyman GnTm)
 28215 | Lair:6   | Reached skill level 10 in Shields
 28707 | Lair:6   | Reached skill level 5 in Conjurations
 29684 | Orc:1    | Entered Level 1 of the Orcish Mines
 29684 | Orc:1    | Noticed Sonja
 29692 | Orc:1    | Killed Sonja
 29756 | Orc:1    | Found a roughly hewn altar of Beogh.
 29774 | Orc:1    | Found a runed translucent door.
 29775 | Orc:1    | Noticed iVAG's ghost (journeyman TeCj)
 29861 | Orc:1    | Found a roughly hewn altar of Beogh.
 30101 | Orc:1    | Killed iVAG's ghost
 30329 | Orc:2    | Entered Level 2 of the Orcish Mines
 30804 | Orc:2    | Noticed an orc warlord
 30809 | Orc:2    | Found a staircase to the Elven Halls.
 30824 | Elf:1    | Entered Level 1 of the Elven Halls
 31094 | Orc:2    | Found a roughly hewn altar of Beogh.
 31105 | Orc:2    | Killed an orc warlord
 31127 | Orc:2    | Reached XP level 16. HP: 73/116 MP: 26/26
 31297 | Orc:2    | Found Kail's General Store.
 31300 | Orc:2    | Found Zixzaull's Antique Weapon Boutique.
 31306 | Orc:2    | Found Acvuch's Antique Armour Boutique.
 31331 | Orc:2    | Bought a runed hat for 224 gold pieces
 31373 | Orc:2    | Bought a scroll of enchant armour for 90 gold pieces
 31438 | Orc:2    | Found Simn's Jewellery Boutique.
 31444 | Orc:2    | Bought the ring of Moeh {rPois MP+9 Stlth+} for 544 gold
                  | pieces
 31444 | Orc:2    | Bought an uncursed ring of see invisible for 240 gold
                  | pieces
 31444 | Orc:2    | Bought a +2 ring of protection for 160 gold pieces
 31444 | Orc:2    | Bought a +5 ring of protection for 880 gold pieces
 31481 | Orc:2    | Bought a glowing hand axe for 168 gold pieces
 32002 | D:15     | Found a staircase to the Depths.
 33122 | Swamp:1  | Entered Level 1 of the Swamp
 33215 | Snake:1  | Entered Level 1 of the Snake Pit
 33622 | Snake:1  | Found a snail-covered altar of Cheibriados.
 33708 | Snake:1  | Found a runed translucent door.
 34184 | Snake:1  | Found the +3 robe of Folly {Archmagi, MR-- Int+5}
 34184 | Snake:1  | Noticed Supaplex's ghost (journeyman DsFi)
 34200 | Snake:1  | Killed Supaplex's ghost
 34247 | Snake:2  | Reached skill level 10 in Stealth
 34956 | Snake:2  | Reached skill level 14 in Invocations
 35214 | Snake:2  | Noticed Aizul
 35231 | Snake:2  | Killed Aizul
 36360 | Snake:3  | Reached XP level 17. HP: 53/124 MP: 27/27
 37380 | Snake:4  | Entered Level 4 of the Snake Pit
 37381 | Snake:4  | Noticed Asterion
 38913 | Snake:4  | Noticed an Executioner
 39095 | Snake:4  | Noticed Agnes
 39241 | Snake:3  | Killed Agnes
 39308 | Snake:3  | Killed Asterion
 39308 | Snake:3  | Reached skill level 15 in Invocations
 40980 | Snake:4  | Got a translucent bardiche
 40981 | Snake:4  | Identified the +5 bardiche "Esism" {protect, +Fly rPois
                  | rN++ Str-3} (You found it on level 4 of the Snake Pit)
 41128 | Snake:4  | Found Elifit's Armour Emporium.
 41752 | Snake:4  | Noticed Vashnia
 42265 | Snake:4  | Reached XP level 18. HP: 76/132 MP: 29/29
 43779 | Snake:4  | Killed Vashnia
 43779 | Snake:4  | Reached skill level 15 in Fighting
 44581 | Snake:4  | Reached skill level 16 in Invocations
 45110 | Snake:4  | Reached skill level 15 in Axes
 45628 | Snake:4  | Got a serpentine rune of Zot
 46031 | Vaults:1 | Entered Level 1 of the Vaults
 46572 | Vaults:1 | Reached XP level 19. HP: 90/139 MP: 31/31
 46821 | Vaults:1 | Found a sacrificial altar of Ru.
 46858 | Vaults:1 | Found a runed translucent gate.
 46858 | Vaults:1 | Found a runed translucent gate.
 46858 | Vaults:1 | Found a runed translucent gate.
 46859 | Vaults:1 | Noticed Uramac's ghost (adept MiBe)
 46882 | Vaults:1 | Killed Uramac's ghost
 46882 | Vaults:1 | Reached skill level 10 in Dodging
 48564 | D:14     | Upgraded the game from 0.25-a0-464-g3004169c2b to
                  | 0.25-a0-471-g78e40d7af6
 48771 | Swamp:1  | Reached skill level 17 in Invocations
 50042 | Swamp:2  | Gained mutation: Your spells are a little easier to cast,
                  | but a little less powerful. [a shining eye]
 50042 | Swamp:2  | Lost mutation: You are agile. (Dex +2) [a shining eye]
 50044 | Swamp:2  | Gained mutation: You tend to lose your temper in combat. [a
                  | shining eye]
 50044 | Swamp:2  | Gained mutation: Your body sometimes deteriorates upon
                  | taking damage. [a shining eye]
 50046 | Swamp:2  | Gained mutation: You are clumsy. (Dex -2) [a shining eye]
 50049 | Swamp:2  | Gained mutation: You are dopey. (Int -2) [a shining eye]
 50051 | Swamp:2  | Gained mutation: Potions are less effective at restoring
                  | your health. [a shining eye]
 50114 | Swamp:2  | Found a runed translucent gate.
 50115 | Swamp:2  | Found a runed translucent gate.
 50116 | Swamp:2  | Found a runed translucent gate.
 50142 | Swamp:2  | Noticed Zoador's ghost (adept HuBe)
 50171 | Swamp:2  | Slain by Zoador's ghost

Levels and vault maps discovered:
D:1:      lemuel_arrival_rhombus, layout_loops_ring
D:2:      layout_basic, okawaru_metal_pillars_1_2, overflow_temple_1_default,
          gammafunk_temple_overflow_pools
D:3:      layout_basic, cheibriados_altar_1, minmay_statues_item
D:4:      layout_gridville, serial_shops, shop, kennysheep_small_circle,
          uniq_purgy
D:5:      layout_cave_pools, elyvilon_altar_3, first_ration,
          lightli_sewer_entry_pipes
D:6:      layout_loops_ring, grunt_temple_overflow_gold_and_silver,
          nicolae_overflow_crystal_walls, gammafunk_temple_overflow_elements,
          minmay_temple_entry_arrows, basic_altar, ebering_ghost_xom,
          serial_shops, shop, shop, shop, kennysheep_little_box,
          kennysheep_mini_moat, nicolae_dithmenos_the_darkroom
D:7:      layout_basic, uniq_menkaure
D:8:      layout_rooms
D:9:      minmay_the_grid_plus [minmay_the_grid_outer_circle,
          minmay_the_grid_empty, minmay_the_grid_tri_star,
          minmay_the_grid_empty, minmay_the_grid_prize_four_corners_diamond_a],
          layout_gridville, kennysheep_generic_room_14
D:10:     layout_basic, nicolae_trove_entry_columns
D:11:     layout_long_grid, minmay_lair_entry_lava, grunt_pizzeria, uniq_erolcha
D:12:     layout_basic, orc_0_dummy
D:13:     layout_loops_cross, minivault_28, uniq_snorg, uniq_urug
D:14:     layout_rooms, ximxim_vaults_locker_room, uniq_rupert
D:15:     grunt_enter_depths_hoard, layout_rooms, serial_glass, glass_columns_b,
          glass_columns_c, grunt_decor_cap
Lair:1:   layout_layer_cave
Lair:2:   layout_cave_pods, chequers_serial_rivers_small_b
Lair:3:   layout_cave_pods, nicolae_swamp_entry_splash_gauntlet,
          grunt_megastairs_5, lemuel_fruit_fields, lemuel_fruit_fields,
          lemuel_fruit_tree, uniq_fannar
Lair:4:   layout_regular_city, minmay_snake_entry_guardpost_small
Lair:5:   layout_regular_city, slime_altar_1, gauntlet_entry_generic,
          chequers_serial_rivers_small_b, serial_bayou_shore_a,
          grunt_megastairs_3
Lair:6:   cheibrodos_lair_end_hotspot, layout_misc_corridors,
          ebering_ghost_rock_garden
Swamp:1:  layout_basic_swamp, evilmike_swamp_ruin_rubble_2, swamp_pool3,
          infiniplex_staircase_pool
Swamp:2:  layout_basic_swamp, gammafunk_ghost_necromancy, wheals_swamp_sinkhole
Snake:1:  layout_chambers, ebering_ghost_reflecting_pool, basic_altar
Snake:2:  layout_basic, uniq_aizul
Snake:3:  layout_basic
Snake:4:  snake_pit_salamanders_mu, layout_onion, serial_shops,
          nicolae_shop_temple_entry_statues_fountains, grunt_ministairs_1,
          uniq_asterion, uniq_vashnia, uniq_agnes
Orc:1:    layout_diamond_mine, basic_altar, gammafunk_ghost_grave,
          bh_open_orc_temple, uniq_sonja
Orc:2:    grunt_orc_cross, layout_caves
Elf:1:    eino_elf_arrival_sip, layout_geoelf_grid, gammafunk_ghost_grave,
          evilmike_minifort, minmay_shop_star
Vaults:1: gammafunk_vaults_ghost_necromancy, nicolae_vaults_rhombus_5,
          nicolae_vaults_octagons, nicolae_vaults_little_squares_1,
          hangedman_vaults_corner_blocks, nicolae_vaults_rhombus_7,
          grunt_vaults_hallway_long, grunt_vaults_diagonal, v_pattern_2,
          vaults_mumra_hexcomb, nicolae_vaults_mini_display_case,
          layout_vaults_omnicross, basic_altar

Skill      XL: |  1  2  3  4  5  6  7  8  9 10 11 12 13 14 15 16 17 18 19 |
---------------+----------------------------------------------------------+-----
Axes           | 3 4 5 6 7 10 11 12 13 14 15 | 15.9
Fighting       | 4 5 6 7 8 9 10 11 12 13 14 15 16 | 16.2
Invocations    | 1 2 3 4 6 7 9 11 12 13 14 15 16 17 | 17.1
Dodging        | 4 5 6 7 8 9 11 | 11.0
Shields        | 4 5 6 7 8 9 10 11 12 13 | 13.3
Stealth        | 4 7 8 11 12 | 12.1
Evocations     | 3 5 6 |  6.8
Throwing       | 2 4 5 |  5.8
Maces & Flails | 3 |  3.0
Conjurations   | 2 5 |  5.7

Action                   |  1- 3 |  4- 6 |  7- 9 | 10-12 | 13-15 | 16-18 | 19-21 || total
-------------------------+-------+-------+-------+-------+-------+-------+-------++-------
Melee: War axe           |    67 |   126 |   107 |       |       |       |    51 ||   351
       Constrict         |    20 |    27 |    45 |    72 |   121 |    87 |    51 ||   423
       Tentacles         |    13 |    20 |    62 |   187 |   366 |   392 |   136 ||  1176
       Hand axe          |       |       |    96 |   463 |   800 |   517 |       ||  1876
       Morningstar       |       |       |       |       |    42 |       |    16 ||    58
       Broad axe         |       |       |       |       |       |   356 |   238 ||   594
Throw: Javelin           |     1 |     1 |    18 |    18 |     2 |       |       ||    40
       Dart              |       |       |       |     6 |    26 |    34 |     3 ||    69
       Throwing net      |       |       |       |     3 |       |       |       ||     3
 Cast: Magic Dart        |       |       |       |       |     4 |       |       ||     4
Invok: Bend Time         |       |       |     3 |       |     5 |     4 |     1 ||    13
       Slouch            |       |       |       |     5 |    11 |     8 |     9 ||    33
Evoke: Wand              |       |     1 |       |    24 |    13 |     4 |     2 ||    44
  Use: Scroll            |       |    12 |     8 |     8 |    15 |    21 |     5 ||    69
       Potion            |       |     2 |     3 |     9 |     7 |    12 |     1 ||    34
 Stab: Sleeping          |     7 |     5 |    14 |    28 |    40 |    32 |    12 ||   138
       Distracted        |       |     1 |     2 |     2 |     7 |     6 |       ||    18
       Held in net/web   |       |       |       |     3 |       |       |       ||     3
  Eat: Chunk             |     1 |     7 |     3 |     3 |    15 |     5 |     4 ||    38
       Ration            |       |       |     1 |     3 |     4 |     5 |     1 ||    14
Armor: Skin              |     9 |    26 |     2 |     3 |    10 |    46 |    27 ||   123
Dodge: Dodged            |    38 |    65 |   108 |   166 |   352 |   341 |   131 ||  1201
Block: Shield            |    26 |    62 |    81 |   281 |   409 |       |       ||   859
       Reflection        |       |       |       |    14 |    28 |   219 |    19 ||   280
       Large shield      |       |       |       |       |   333 |  1291 |   406 ||  2030

Table legend:
 A = Non-vault XP
 B = Vault XP
 C = Vault XP percentage of total XP
 D = Non-vault monster count
 E = Vault monster count
 F = Vault count percentage of total count
                 A         B        C        D         E       F
            +---------+---------+-------+---------+---------+-------
      Total |  240101 |  146748 |  37.9 |     910 |     286 |  23.9
            +---------+---------+-------+---------+---------+-------
        D:1 |      58 |       0 |   0.0 |      35 |       0 |   0.0
        D:2 |      52 |       0 |   0.0 |      25 |       0 |   0.0
        D:3 |      76 |       0 |   0.0 |      24 |       0 |   0.0
        D:4 |     139 |     214 |  60.6 |      11 |       4 |  26.7
        D:5 |     421 |      41 |   8.9 |      13 |       5 |  27.8
        D:6 |    1123 |    1415 |  55.8 |      32 |       2 |   5.9
        D:7 |    1544 |     172 |  10.0 |      16 |       1 |   5.9
        D:8 |    1260 |       0 |   0.0 |      18 |       0 |   0.0
        D:9 |     865 |    3261 |  79.0 |      14 |      14 |  50.0
       D:10 |    3576 |       0 |   0.0 |      42 |       0 |   0.0
       D:11 |    5089 |    2183 |  30.0 |      36 |       3 |   7.7
       D:12 |    8122 |       0 |   0.0 |      55 |       0 |   0.0
       D:13 |    6103 |    4648 |  43.2 |      50 |       8 |  13.8
       D:14 |   11299 |    9607 |  46.0 |      38 |      16 |  29.6
       D:15 |    8227 |    2042 |  19.9 |      24 |       2 |   7.7
     Lair:1 |    3863 |       0 |   0.0 |      21 |       0 |   0.0
     Lair:2 |    5727 |       0 |   0.0 |      21 |       0 |   0.0
     Lair:3 |    8370 |    2298 |  21.5 |      26 |       9 |  25.7
     Lair:4 |    2607 |     504 |  16.2 |      12 |       3 |  20.0
     Lair:5 |    2241 |     888 |  28.4 |      11 |       3 |  21.4
     Lair:6 |   14581 |    9454 |  39.3 |      56 |      27 |  32.5
    Swamp:1 |    9685 |       0 |   0.0 |      28 |       0 |   0.0
    Swamp:2 |    7669 |    2150 |  21.9 |      24 |       9 |  27.3
    Snake:1 |    5376 |    1107 |  17.1 |      13 |       1 |   7.1
    Snake:2 |   21727 |    1721 |   7.3 |      39 |       1 |   2.5
    Snake:3 |   47228 |    6910 |  12.8 |      81 |       5 |   5.8
    Snake:4 |   15252 |   61291 |  80.1 |      32 |      77 |  70.6
      Orc:1 |    1636 |    1688 |  50.8 |      15 |       5 |  25.0
      Orc:2 |    1687 |    6232 |  78.7 |      17 |      34 |  66.7
      Elf:1 |       0 |     621 | 100.0 |       0 |       1 | 100.0
   Vaults:1 |   44498 |   22435 |  33.5 |      81 |      31 |  27.7
      Sewer |       0 |     130 | 100.0 |       0 |      11 | 100.0
   Gauntlet |       0 |    5736 | 100.0 |       0 |      14 | 100.0
            +---------+---------+-------+---------+---------+-------
